 Dungeon Crawl Stone Soup version 0.17.1-1-g73c8601 (webtiles) character file.

10994 Peloso the Blocker (level 11, -5/95 HPs)
             Began as a Minotaur Fighter on Dec 25, 2015.
             Was a Believer of Okawaru.
             Slain by a fire elemental (25 damage)
             ... created by the adversity of Qazlal
             ... on level 10 of the Dungeon.
             The game lasted 00:34:34 (8935 turns).

Peloso the Blocker (Minotaur Fighter)               Turns: 8935, Time: 00:34:34

Health: -5/95      AC: 18    Str: 23    XL:     11   Next: 43%
Magic:  10/10      EV: 12    Int:  5    God:    Okawaru [**....]
Gold:   479        SH: 13    Dex: 14    Spells: 0 memorised, 10 levels left

rFire  x x .     SeeInvis .     K - +1 scimitar (flame)
rCold  . . .     Clarity  .     t - +0 chain mail
rNeg   . . .     SustAt   +     T - +0 shield {reflect}
rPois  .         Gourm    .     G - +2 hat
rElec  .         Spirit   .     O - +1 cloak
rCorr  .         Warding  .     R - +1 pair of gloves
rMut   .         Stasis   .     (no boots)
MR     .....                    (no amulet)
Stlth  ..........               F - +3 ring of dexterity
                                C - ring of sustain attributes

@: not resistant to hostile enchantments, extremely unstealthy
A: retaliatory headbutt, horns 2, heat vulnerability 2
a: Heroism, Renounce Religion


You were on level 10 of the Dungeon.
You worshipped Okawaru.
Okawaru was pleased with you.
You were not hungry.

You visited 2 branches of the dungeon, and saw 11 of its levels.
You also visited: Ossuary.

You collected 627 gold pieces.
You spent 148 gold pieces at shops.

Inventory:

Hand Weapons
 a - a +1 long sword
 I - a +1 whip of flaming
 K - a +1 scimitar of flaming (weapon)
Armour
 b - a +0 scale mail
 c - a +0 shield
 t - a +0 chain mail (worn)
 E - a +0 cloak
 G - a +2 hat (worn)
 O - a +1 cloak (worn)
 R - a +1 pair of gloves (worn)
 T - a +0 shield of reflection (worn)
Jewellery
 C - a ring of sustain attributes (left hand)
 F - a +3 ring of dexterity (right hand)
Wands
 m - a wand of heal wounds (3)
 r - a wand of enslavement (15)
 L - a wand of digging (24)
 M - a wand of hasting (4)
Scrolls
 i - a scroll of enchant weapon
 j - 3 scrolls of recharging
 k - a scroll of amnesia
 n - 3 scrolls of identify
 o - 3 scrolls of remove curse
 p - 3 scrolls of teleportation
 v - a scroll of blinking
 w - 2 scrolls of magic mapping
 x - 2 scrolls of enchant armour
 y - 2 scrolls of fog
 B - a scroll of holy word
 Q - a scroll of fear
Potions
 h - 2 potions of flight
 s - 4 potions of haste
 u - 2 potions of heal wounds
 z - 4 potions of curing
 A - 2 potions of agility {unknown}
 D - 3 potions of mutation {unknown}
 H - a potion of lignification {unknown}
 J - 2 potions of invisibility
 N - a potion of magic {unknown}
 P - a potion of ambrosia {unknown}
 S - a potion of resistance
Comestibles
 d - 6 chunks of flesh
 e - 7 bread rations
 f - a slice of pizza
 g - 10 fruits
 l - 6 meat rations
 q - 2 beef jerkies


   Skills:
 + Level 8.8 Fighting
 + Level 10.4 Long Blades
 + Level 9.3 Armour
 + Level 8.1 Dodging
 + Level 1.6 Stealth
 + Level 12.3 Shields
 + Level 1.2 Invocations


You had 10 spell levels left.
You didn't know any spells.

Dungeon Overview and Level Annotations

Branches:
Dungeon (10/15)            Temple (1/1) D:7            Lair (0/8) D:10
    Orc: D:9-12

Altars:
Ashenzari
Cheibriados
Dithmenos
Elyvilon
Fedhas
Gozag
Kikubaaqudgha
Makhleb
Nemelex Xobeh
Okawaru
Qazlal
Ru
Sif Muna
Trog
Vehumet
Xom
Yredelemnul
Zin
The Shining One

Shops:
D:10 *


Innate Abilities, Weirdness & Mutations

You reflexively headbutt those who attack you in melee.
You have a pair of horns on your head.
[You are very vulnerable to heat.]


Message History

The fire elemental is heavily damaged.
The fire elemental hits you. The fire elemental burns you!
The fire burns you terribly!
You slash the fire elemental!
The fire elemental is heavily damaged.
You block the fire elemental's attack. x2
Your shield and chain mail prevent you from hitting the fire elemental.
The fire elemental is heavily damaged.
The fire elemental barely misses you.
You slash the fire elemental!
The fire elemental is severely damaged.
The fire elemental hits you. The fire elemental burns you!
The fire burns you terribly!
* * * LOW HITPOINT WARNING * * *
You hit the fire elemental.
You headbutt the fire elemental, but do no damage.
The fire elemental is severely damaged.
The fire elemental hits you. The fire elemental burns you!
The fire burns you terribly!
You die...

##########
).)......# #..
########.## #.#
#######...######.#
.##.....#..).....#
..#.###...######E#
.##.# ##...# #.#
###.####.#.# #E# #
#.##.....# #@#
###.##.....# #.#
..#.##.._..# #.#
#.#.##.....# #.#
..#.##.....#####(#
................^#
..#.........######
..#....)........#
....###.#.###.#.#


You could see an earth elemental and a fire elemental.

Vanquished Creatures
  Gastronok (D:9)
  Erica (D:9)
  An air elemental (D:10)
  2 water elementals (D:10)
  2 unseen horrors (D:10)
  Pikel (D:5)
  An elephant (D:10)
  A gargoyle (D:10)
  An earth elemental (D:10)
  Prince Ribbit (D:8)
  A troll (D:10)
  A deep elf mage (D:9)
  5 yaks
  A hippogriff (D:9)
  Edmund (D:5)
  A water moccasin (D:9)
  3 black bears (D:7)
  2 phantoms
  An eye of draining (D:10)
  2 ice beasts
  2 sky beasts
  2 wasps
  3 orc warriors
  A slave (D:5)
  4 ogres
  6 centaurs
  A crocodile (D:10)
  5 giant frogs
  A wyvern zombie (D:9)
  A water moccasin skeleton (D:4)
  3 scorpions
  6 killer bees
  2 jellies
  5 crimson imps
  8 giant frog zombies (Ossuary)
  A wasp zombie (Ossuary)
  3 centaur zombies (Ossuary)
  3 orc priests (D:10)
  Crazy Yiuf (D:4)
  5 hounds
  2 centaur skeletons
  7 orc wizards
  2 giant frog skeletons
  5 iguanas
  3 worker ants
  A killer bee zombie (D:9)
  A sheep (D:10)
  2 hound zombies (Ossuary)
  9 mummies (Ossuary)
  6 worker ant zombies
  4 gnolls (D:6)
  12 adders
  4 shadow imps
  An ooze (D:1)
  7 adder zombies
  An adder skeleton (D:8)
  5 worms
  2 giant geckos
  27 orcs
  6 hobgoblins
  11 jackals
  3 quokkas
  6 bats
  2 giant cockroaches
  2 giant cockroach zombies
  4 giant gecko zombies
  4 giant newts
  7 goblins
  A jackal zombie (Ossuary)
  2 kobolds
  A quokka skeleton (D:8)
  A quokka zombie (D:8)
  10 rats
  A plant (Ossuary)
255 creatures vanquished.

Vanquished Creatures (others)
  3 killer bees (D:10)
  An iguana (D:5)
  A worker ant (D:5)
  A giant gecko (D:5)
  2 fungi (D:10)
  2 plants (Ossuary)
10 creatures vanquished.

Grand Total: 265 creatures vanquished

Notes
Turn   | Place    | Note
--------------------------------------------------------------
     0 | D:1      | Peloso the Minotaur Fighter began the quest for the Orb.
     0 | D:1      | Reached XP level 1. HP: 19/19 MP: 0/0
   208 | D:1      | Reached XP level 2. HP: 27/27 MP: 1/1
   459 | D:2      | Reached skill level 4 in Armour
   515 | D:2      | Found a faded altar to an unknown god.
   531 | D:2      | Became a worshipper of Qazlal Stormbringer
   531 | D:2      | Reached * piety under Qazlal
   641 | D:2      | Reached XP level 3. HP: 25/33 MP: 2/2
   867 | D:2      | You fall through a shaft for 2 floors!
   876 | D:4      | Reached XP level 4. HP: 29/40 MP: 3/3
  1068 | D:4      | Found a sand-covered staircase.
  1079 | Ossuary  | Entered an ossuary
  1086 | Ossuary  | Reached skill level 1 in Dodging
  1090 | Ossuary  | Reached XP level 5. HP: 44/47 MP: 4/4
  1108 | Ossuary  | Reached skill level 5 in Shields
  1147 | Ossuary  | Reached XP level 6. HP: 18/53 MP: 5/5
  1153 | Ossuary  | Reached skill level 5 in Armour
  1183 | Ossuary  | Reached ** piety under Qazlal
  1392 | Ossuary  | Reached XP level 7. HP: 44/60 MP: 6/6
  1403 | Ossuary  | Reached skill level 5 in Fighting
  1403 | Ossuary  | Reached skill level 6 in Shields
  1658 | Ossuary  | Reached skill level 5 in Long Blades
  1816 | D:4      | Found a sacrificial altar of Ru.
  2554 | D:3      | Reached *** piety under Qazlal
  3174 | D:4      | Noticed Crazy Yiuf
  3185 | D:4      | Killed Crazy Yiuf
  3245 | D:5      | Entered Level 5 of the Dungeon
  3245 | D:5      | Noticed Edmund
  3251 | D:5      | Killed Edmund
  3286 | D:5      | Reached XP level 8. HP: 69/69 MP: 7/7
  3316 | D:5      | Noticed Pikel
  3355 | D:5      | Killed Pikel
  3355 | D:5      | Reached skill level 7 in Armour
  3355 | D:5      | Reached skill level 5 in Dodging
  3557 | D:5      | Found an opulent altar of Gozag.
  3582 | D:5      | Found a bloodstained altar of Trog.
  3792 | D:5      | Found a shadowy altar of Dithmenos.
  3943 | D:6      | Found a white marble altar of Elyvilon.
  3988 | D:6      | Found a deep blue altar of Sif Muna.
  4042 | D:6      | Reached skill level 8 in Shields
  4131 | D:6      | Reached XP level 9. HP: 69/75 MP: 8/8
  4163 | D:6      | Got a translucent flail
  4529 | D:7      | Found a bloodstained altar of Trog.
  4737 | D:7      | Reached skill level 9 in Shields
  4788 | D:7      | Found a staircase to the Ecumenical Temple.
  4798 | Temple   | Entered the Ecumenical Temple
  5822 | D:8      | Noticed Prince Ribbit
  5839 | D:8      | Killed Prince Ribbit
  5903 | D:8      | Reached **** piety under Qazlal
  5903 | D:8      | Reached skill level 1 in Stealth
  6737 | D:8      | Reached skill level 10 in Shields
  6737 | D:8      | Reached XP level 10. HP: 83/86 MP: 9/9
  6833 | D:9      | Noticed Gastronok
  6862 | D:9      | Killed Gastronok
  6862 | D:9      | Reached skill level 11 in Shields
  6939 | D:9      | Noticed Erica
  6955 | D:9      | Killed Erica
  6955 | D:9      | Reached skill level 1 in Invocations
  7448 | D:9      | Found a shimmering altar of Xom.
  7448 | D:9      | Found an iron altar of Okawaru.
  7460 | D:9      | Reached XP level 11. HP: 94/94 MP: 10/10
  7475 | D:9      | Fell from the grace of Qazlal
  7475 | D:9      | Became a worshipper of Warmaster Okawaru
  7655 | D:10     | Entered Level 10 of the Dungeon
  7755 | D:10     | Killed an unseen horror
  7755 | D:10     | Reached skill level 12 in Shields
  7915 | D:10     | Found a sacrificial altar of Ru.
  8055 | D:10     | Found Ceagacao's Assorted Antiques.
  8058 | D:10     | Bought a shiny shield for 148 gold pieces
  8079 | D:10     | Found a staircase to the Lair.
  8096 | D:10     | Reached * piety under Okawaru
  8101 | D:10     | Killed an unseen horror
  8101 | D:10     | Reached skill level 10 in Long Blades
  8130 | D:10     | Reached ** piety under Okawaru
  8145 | D:10     | Noticed a fire elemental
  8145 | D:10     | Noticed an air elemental
  8159 | D:10     | Killed an air elemental
  8337 | D:10     | Noticed a water elemental
  8337 | D:10     | Noticed a water elemental
  8342 | D:10     | Killed a water elemental
  8375 | D:10     | Killed a water elemental
  8935 | D:10     | Slain by a fire elemental

Action                   |  1- 3 |  4- 6 |  7- 9 | 10-12 || total
-------------------------+-------+-------+-------+-------++-------
Melee: Long sword        |    85 |   126 |   461 |    69 ||   741
       Scimitar          |       |       |       |   235 ||   235
Invok: Upheaval          |       |       |       |     1 ||     1
       Heroism           |       |       |       |     1 ||     1
  Use: Scroll            |       |       |    21 |     5 ||    26
       Potion            |       |       |       |     1 ||     1
  Eat: Chunk             |       |     1 |    16 |     8 ||    25
       Fruit             |       |       |     2 |     1 ||     3
